 Dungeon Crawl Stone Soup version 0.32-a0-411-g744942f433 (webtiles) character file.

Game seed: 6757600342493198537

408 SteveThePug the Thaumaturge (level 6, -7/32 HPs)
             Began as a Deep Elf Hedge Wizard on Feb 20, 2024.
             Mangled by an orc
             ... wielding a +6 trident
              (9 damage)
             ... on level 4 of the Dungeon.
             The game lasted 00:15:38 (4292 turns).

SteveThePug the Thaumaturge (Deep Elf Hedge Wizard) Turns: 4292, Time: 00:15:38

Health: -7/32      AC:  3    Str:  7    XL:     6   Next: 57%
Magic:  14/19      EV: 13    Int: 21    God:
Gold:   290        SH:  0    Dex: 14    Spells: 14/22 levels left

rFire   . . .        a - +0 dagger
rCold   . . .        (no shield)
rNeg    . . .        b - +0 robe
rPois   .            c - +0 hat
rElec   .            t - +0 cloak
rCorr   +            (no gloves)
SInv    +            (no boots)
Will    .....        (no amulet)
Stlth   ++           l - ring of see invisible
HPRegen 0.25/turn    u - ring of resist corrosion
MPRegen 0.16/turn

%: no passive effects
@: no status effects
A: no striking features
a: no special abilities


You were on level 4 of the Dungeon.
You visited 1 branch of the dungeon, and saw 5 of its levels.

You collected 290 gold pieces.

Inventory:

Hand Weapons
 a - a +0 dagger (weapon)
 s - a +2 quarterstaff of chaos
 w - the +12 sling of Superiority {freeze, ^Fragile rPois rF- Str+9}
   (You found it on level 4 of the Dungeon)

   Str+9:     It affects your strength (+9).
   rF-:       It makes you vulnerable to fire.
   rPois:     It protects you from poison ^Fragile: It will be destroyed if
   unequipped.
Armour
 b - a +0 robe (worn)
 c - a +0 hat (worn)
 t - a +0 cloak (worn)
Jewellery
 l - a ring of see invisible (left hand)
 u - a ring of resist corrosion (right hand)
Wands
 x - a wand of digging (7)
Scrolls
 e - 3 scrolls of identify {unknown}
 g - 2 scrolls of teleportation {unknown}
 j - a scroll of poison {unknown}
 k - a scroll of revelation {unknown}
 n - a scroll of noise {unknown}
 p - a scroll of brand weapon {unknown}
 q - a scroll of fear {unknown}
 v - a scroll of silence {unknown}
 y - a scroll of enchant armour {unknown}
Potions
 d - a potion of magic
 f - 2 potions of degeneration {unknown}
 h - a potion of haste {unknown}
 i - 2 potions of brilliance {unknown}
 m - a potion of mutation {unknown}
 o - 2 potions of curing {unknown}
 r - a potion of enlightenment {unknown}
 z - a potion of attraction {unknown}


   Skills:
 + Level 0.1 Fighting
 + Level 0.4 Short Blades
 + Level 3.3 Dodging
 + Level 2.6 Stealth
 + Level 8.5 Spellcasting
 + Level 3.0 Conjurations
 + Level 1.1 Summonings
 + Level 1.9 Translocations
 + Level 0.1 Air Magic


You had 14 spell levels left.
You knew the following spells:

 Your Spells              Type           Power      Damage    Failure   Level
a - Magic Dart            Conj           84%        1d7       2%          1
b - Cigotuvi's Dreadful   Necr/Alch/Air  18%        N/A       11%         2
c - Mephitic Cloud        Conj/Alch/Air  13%        N/A       14%         3
d - Blink                 Tloc           34%        N/A       5%          2

Your spell library contained the following spells:

 Spells                   Type           Power      Damage    Failure   Level
 Call Imp                 Summ           26%        N/A       7%          2
 Slow                     Hex            36%        N/A       8%          1


Dungeon Overview and Level Annotations

Branches:
Dungeon (5/15)
 Temple: D:4-7

Altars:

Shops:
D:2 (


Message History

The orc hits you but does no damage.
You climb downwards.
There is a stone staircase leading up here.
You can't go down here!
The orc hits you but does no damage.
You climb upwards.
The orc shouts!
An orc comes into view. It is wielding a +6 trident.
There is a stone staircase leading down, spattered with blood here.
You hit the orc.
The orc is heavily wounded.
The orc hits you with a +0 dagger.
You barely miss the orc.
The orc is heavily wounded.
The orc hits you with a +0 dagger.
You closely miss the orc.
The orc is heavily wounded.
The goblin closely misses you. The orc hits you with a +0 dagger.
* * * LOW HITPOINT WARNING * * *
You hit the orc.
The orc is severely wounded.
The goblin misses you. The orc barely misses you.
You hit the orc.
You kill the orc!
The goblin closely misses you.
You see here a +0 dagger.
Casting: Magic Dart (safe; 2% risk of failure)
Confirm with . or Enter, or press ? or * to list all spells.
You blink.
An orc wizard comes into view. It is wielding a +0 dagger.
Casting: Blink (safe; 5% risk of failure)
Confirm with . or Enter, or press ? or * to list all spells.
You are still too unstable to blink.
The orc hits you from afar with a +6 trident!
* * * LOW HITPOINT WARNING * * *
An orc comes into view. It is wielding a +0 trident.
The orc barely misses you.
You feel ready to blink again.
The orc hits you from afar with a +6 trident!
You die...

#.ยง###...#..##..###.
##>####..#........
#...#......##..##.
###...##..###.##
######...##.o###.#
#.....g....o..##.#
#.....o.#...#.##.#
#.....o..[#.#.##.#
#....@..###......#
#.......# #####..#
#.......#######o.####.
...........[o.....g.....
###.......##############
#.......# #.......#
#########


You could see an orc wizard (wandering), 3 orcs and a goblin.

Vanquished Creatures
  2 orc priests (D:3)
  Crazy Yiuf (D:3)
  An iguana (D:3)
  2 orc wizards
  5 adders
  3 dart slugs
  2 ribbon worms
  16 orcs
  10 ball pythons
  8 endoplasms
  7 goblins
  6 hobgoblins
  3 jackals (D:3)
  3 quokkas (D:1)
  5 bats
  2 frilled lizards
  6 kobolds
  5 rats
87 creatures vanquished.

Vanquished Creatures (collateral kills)
  An orc wizard (D:4)
1 creature vanquished.

Grand Total: 88 creatures vanquished

Notes
Turn   | Place    | Note
-------+----------+-------------------------------------------
     0 | D:1      | SteveThePug the Deep Elf Hedge Wizard began the quest for
                  | the Orb.
     0 | D:1      | Reached XP level 1. HP: 10/10 MP: 7/7
   149 | D:1      | Reached skill level 5 in Spellcasting
   149 | D:1      | Reached XP level 2. HP: 15/15 MP: 7/10
   216 | D:1      | Found a faded altar of an unknown god.
   584 | D:1      | Reached XP level 3. HP: 19/19 MP: 8/11
  1356 | D:2      | Reached XP level 4. HP: 14/24 MP: 0/13
  1401 | D:2      | Learned a level 2 spell: Cigotuvi's Dreadful Rot
  1405 | D:2      | Learned a level 3 spell: Mephitic Cloud
  1408 | D:2      | Learned a level 2 spell: Blink
  1461 | D:2      | Found Jexiodia's Weapon Shop.
  1543 | D:2      | Reached skill level 6 in Spellcasting
  2454 | D:3      | Reached XP level 5. HP: 28/28 MP: 9/16
  2759 | D:3      | Reached skill level 7 in Spellcasting
  3051 | D:2      | Reached XP level 6. HP: 16/32 MP: 5/18
  3352 | D:3      | Identified the +3 leather armour "Jidajul" {rPois rC+}
  3399 | D:3      | Found a runed translucent door.
  3400 | D:3      | Noticed Crazy Yiuf
  3813 | D:3      | Killed Crazy Yiuf
  3905 | D:4      | Reached skill level 8 in Spellcasting
  4097 | D:4      | Identified the +12 sling of Superiority {freeze, ^Fragile
                  | rPois rF- Str+9}
  4275 | D:5      | Entered Level 5 of the Dungeon
  4290 | D:4      | HP: 1/32 [orc/+6 trident (7)]
  4292 | D:4      | Mangled by an orc

Illustrated notes

Levels and vault maps discovered:
D:1:      minmay_arrival_doors, layout_rooms,
          shapermc_ecumenical_altar_mp_vishouse, chequers_avenue,
          minmay_misc_feat_room
D:2:      layout_basic, serial_shops, shop, minmay_misc_feat_plants
D:3:      cheibrodos_pilgrimage, layout_basic, uniq_crazy_yiuf_cottage
D:4:      layout_rooms, amethyst_overflow_temple_binary
D:5:      layout_layer_cave, temple_fountains, gammafunk_ghost_grave,
          corexii_leaking_fountain

Skill      XL: |  1  2  3  4  5  6 |
---------------+-------------------+-----
Spellcasting   | 5 6 7 8 |  8.5
Dodging        | 3 |  3.3
Conjurations   | 2 3 |  3.0
Fighting       | |  0.1
Short Blades   | |  0.4
Stealth        | |  2.6
Summonings     | |  1.1
Translocations | |  1.9
Air Magic      | |  0.1

Action                     |  1- 3 |  4- 6 || total
---------------------------+-------+-------++-------
  Melee: Dagger            |     6 |     8 ||    14
   Cast: Magic Dart        |    99 |   175 ||   274
         Blink             |       |     6 ||     6
         Mephitic Cloud    |       |     5 ||     5
         Cigotuvi's Dreadf |       |     1 ||     1
    Use: Potion            |       |     1 ||     1
 Armour: Robe              |    14 |    57 ||    71
  Dodge: Dodged            |    14 |    54 ||    68

Table legend: (Time is in decaauts)
 A = Elapsed time spent in this place.
 B = Non-inter-level travel time spent in this place.
 C = Inter-level travel time spent in this place.
 D = Time resting spent in this place.
 E = Time spent auto-exploring this place.
 F = Levels seen in this place.
 G = Mean time per level.
                   A        B        C        D        E       F      G
               +--------+--------+--------+--------+--------+-----+--------+
         Total |   4297 |   4238 |     59 |    806 |   2599 |   5 |  859.4 |
       Dungeon |   4297 |   4238 |     59 |    806 |   2599 |   5 |  859.4 |
               +--------+--------+--------+--------+--------+-----+--------+

Top non-repeatable levels by time:
     D:3: 1450 daAuts
     D:2: 1254 daAuts
     D:1: 1208 daAuts
     D:4: 379 daAuts
     D:5: 4 daAuts
